 Dungeon Crawl Stone Soup version 0.27-a0-1177-g245c70e1c0 (webtiles) character file.

Game seed: 5932213003921782596

16869 Gargoyl the Fighter (level 12, -11/97 HPs)
             Began as a Gnoll Abyssal Knight on May 16, 2021.
             Was a Priest of Lugonu.
             Mangled by a catoblepas (12 damage)
             ... on level 3 of the Lair of Beasts.
             The game lasted 00:21:43 (17835 turns).

Gargoyl the Fighter (Gnoll Abyssal Knight)         Turns: 17835, Time: 00:21:44

Health: -11/97     AC: 24    Str: 13    XL:     12   Next: 42%
Magic:  0/22       EV:  8    Int: 12    God:    Lugonu [***...]
Gold:   503        SH: 10    Dex: 13    Spells: 25/25 levels left

rFire    . . .     SeeInvis .   a - +7 hand axe
rCold    . . .     Faith    .   l - +0 kite shield
rNeg     + . .     Spirit   +   n - +0 plate armour
rPois    .         Reflect  .   r - +0 helmet
rElec    +         Harm     .   (no cloak)
rCorr    .         Rampage  .   m - +2 pair of gloves
Will     .....                  e - +2 pair of boots
Stlth    ..........             v - amulet of guardian spirit
HPRegen  0.26/turn              o - ring of positive energy
MPRegen  0.18/turn              y - +4 ring of evasion

@: mighty
A: fangs 1, strong nose, distributed training, iridescent scales 1, clumsy 1,
electricity resistance
a: Renounce Religion, Depart the Abyss, Bend Space, Banish


You were on level 3 of the Lair of Beasts.
You worshipped Lugonu.
Lugonu was most pleased with you.
You visited 2 branches of the dungeon, and saw 12 of its levels.
You visited the Abyss 1 time.

You collected 622 gold pieces.
You spent 119 gold pieces at shops.

Inventory:

Hand Weapons
 a - a +7 hand axe (weapon)
Armour
 e - a +2 pair of boots (worn)
 l - a +0 kite shield (worn)
 m - a +2 pair of gloves (worn)
 n - a +0 plate armour (worn)
 r - a +0 helmet (worn)
Jewellery
 i - a ring of protection from cold
 o - a ring of positive energy (left hand)
 v - an amulet of guardian spirit (around neck)
 y - a +4 ring of evasion (right hand)
Wands
 k - a wand of polymorph (6)
Scrolls
 g - 8 scrolls of identify
 h - a scroll of blinking
 p - a scroll of teleportation
 w - a scroll of fog
Potions
 b - a potion of haste
 c - 2 potions of cancellation
 d - 2 potions of brilliance
 f - 3 potions of flight


   Skills:
 + Level 9.8 Fighting
 + Level 7.2 Short Blades
 + Level 7.2 Long Blades
 + Level 8.7 Axes
 + Level 7.2 Maces & Flails
 + Level 7.2 Polearms
 + Level 7.2 Staves
 + Level 7.2 Slings
 + Level 7.2 Bows
 + Level 7.2 Crossbows
 + Level 7.2 Throwing
 + Level 8.7 Armour
 + Level 7.8 Dodging
 + Level 7.2 Stealth
 + Level 7.2 Shields
 + Level 7.2 Unarmed Combat
 + Level 7.2 Spellcasting
 + Level 6.0 Conjurations
 + Level 6.0 Hexes
 + Level 6.0 Summonings
 + Level 6.0 Necromancy
 + Level 6.0 Translocations
 + Level 6.0 Transmutations
 + Level 6.0 Fire Magic
 + Level 6.0 Ice Magic
 + Level 6.0 Air Magic
 + Level 6.0 Earth Magic
 + Level 6.0 Poison Magic
 + Level 9.2 Invocations
 + Level 7.2 Evocations


You had 25 spell levels left.
You didn't know any spells.
Your spell library contained the following spells:

 Spells                   Type           Power      Damage    Failure   Level
 Corona                   Hex            20%        N/A       94%         1
 Sting                    Tmut/Pois      72%        1d6       94%         1
 Summon Small Mammal      Summ           72%        N/A       94%         1
 Call Imp                 Summ           18%        N/A       98%         2
 Ensorcelled Hibernation  Hex/Ice        36%        N/A       98%         2
 Passwall                 Tmut/Erth      15%        N/A       98%         2
 Poisonous Vapours        Pois/Air       36%        N/A       98%         2
 Call Canine Familiar     Summ           18%        N/A       100%        3
 Confusing Touch          Hex            18%        N/A       100%        3
 Conjure Flame            Conj/Fire      18%        6-21      100%        3
 Dazzling Flash           Conj/Hex       36%        N/A       100%        3
 Gell's Gravitas          Tloc           9%         N/A       100%        3
 Ignite Poison            Fire/Tmut/Pois 18%        N/A       100%        3
 Mephitic Cloud           Conj/Pois/Air  18%        N/A       100%        3
 Summon Guardian Golem    Hex/Summ       18%        N/A       100%        3
 Swiftness                Air            18%        N/A       100%        3
 Tukima's Dance           Hex            18%        N/A       100%        3
 Olgreb's Toxic Radiance  Pois           18%        N/A       100%        4
 Passage of Golubria      Tloc           N/A        N/A       100%        4
 Petrify                  Tmut/Erth      18%        N/A       100%        4
 Summon Ice Beast         Ice/Summ       18%        N/A       100%        4
 Summon Lightning Spire   Summ/Air       18%        N/A       100%        4
 Lee's Rapid Deconstruct  Erth           9%         3d8*      100%        5
 Metabolic Englaciation   Hex/Ice        9%         N/A       100%        5
 Summon Forest            Summ/Tloc      9%         N/A       100%        5
 Summon Mana Viper        Hex/Summ       18%        N/A       100%        5
 Yara's Violent Unravell  Hex/Tmut       9%         3d6       100%        5
 Freezing Cloud           Conj/Ice/Air   9%         6-21      100%        6
 Invisibility             Hex            18%        N/A       100%        6
 Shadow Creatures         Summ           N/A        N/A       100%        6
 Summon Hydra             Summ           9%         N/A       100%        7


Dungeon Overview and Level Annotations

Branches:
Dungeon (9/15)             Temple (0/1) D:6            Lair (3/6) D:9
  Swamp (0/4) Lair:3
  Snake: Lair:2-4    Spider: Lair:2-4       Orc: D:9-12

Altars:
Makhleb
Xom

Shops:
D:2 [   D:5 !

Annotations:
D:5 2 transporters, feta's ghost, novice HOFi


Innate Abilities, Weirdness & Mutations

You have very sharp teeth.
Your uncanny sense of smell can sniff out nearby items.
Your experience applies equally to all skills.
You are partially covered in iridescent scales. (AC +2)
You are clumsy. (Dex -2)
You are resistant to electric shocks. (rElec)


Message History

You slash the catoblepas!
You bite the catoblepas, but do no damage.
The catoblepas is heavily wounded.
The catoblepas gores you but does no damage.
You slash the catoblepas!
The catoblepas is severely wounded.
The catoblepas gores you!!
* * * LOW HITPOINT WARNING * * *
You hit the catoblepas.
You bite the catoblepas, but do no damage.
The catoblepas is severely wounded.
The catoblepas breathes a plume of calcifying dust at you.
The blast of calcifying dust hits you!
* * * LOW HITPOINT WARNING * * *
The catoblepas breathes a plume of calcifying dust at you.
The blast of calcifying dust hits you but does no damage.
The catoblepas breathes a plume of calcifying dust at you.
The blast of calcifying dust hits you but does no damage.
You block the catoblepas's attack.
You hit the catoblepas.
The catoblepas is severely wounded.
The catoblepas gores you!
* * * LOW HITPOINT WARNING * * *
The catoblepas gores you.
* * * LOW HITPOINT WARNING * * *
Unknown command.
You feel better.
The catoblepas gores you but does no damage.
You slash the catoblepas!
The catoblepas is almost dead.
The catoblepas barely misses you.
You hit the catoblepas.
The catoblepas is almost dead.
The catoblepas gores you!
* * * LOW HITPOINT WARNING * * *
Unknown command.
You completely miss the catoblepas.
The catoblepas is almost dead.
The catoblepas gores you!
You die...

..§§§§§≈§≈...§.......
......§§≈....<.....<.
#..#.......#P#...#..#
##.........####....#
#......#.#####+.#.#
........####......### #
......P.###.........##..
........#.##...........#
.........###...@..P....#
......##...§.§§Y..###..
..)...#.#.##......#
......######......#
...... #.+#.### ###..
##...# #. #.+P .. .. #P.
..#


You could see a catoblepas.

Vanquished Creatures
  3 death yaks
  A manticore (D:9)
  A black mamba (Lair:2)
  A rime drake (Lair:1)
  5 komodo dragons
  6 cane toads
  A troll (D:9)
  6 blink frogs
  Sigmund (D:2)
  9 yaks
  3 wyverns
  8 water moccasins
  An orc warrior (D:6)
  3 sky beasts
  2 ice beasts
  2 black bears (D:7)
  An ogre (D:7)
  6 wolves (Lair:2)
  3 centaurs
  2 gnoll sergeants
  4 bullfrogs
  3 scorpions
  4 killer bees (D:8)
  7 electric eels
  A howler monkey (D:9)
  4 centaur zombies
  2 hounds
  5 orc priests
  3 iron imps (D:5)
  An iguana (D:6)
  6 orc wizards
  Natasha (twice) (D:2)
  A killer bee zombie (D:7)
  A howler monkey zombie (D:7)
  Robin (D:4)
  11 gnolls
  A river rat (D:5)
  10 adders
  A white imp (D:7)
  2 ufetubi
  A worm (D:5)
  34 orcs
  5 bats
  8 endoplasms
  3 giant cockroaches
  11 goblins
  9 hobgoblins
  20 jackals
  8 kobolds
  9 quokkas
  5 ball pythons
  4 frilled lizards
  4 rats
256 creatures vanquished.

Vanquished Creatures (collateral kills)
  A tentacled starspawn (Abyss:1)
  A troll (D:8)
  2 starspawn tentacles (Abyss:1)
4 creatures vanquished.

Vanquished Creatures (others)
  19 fungi
  93 plants
  A starspawn tentacle (Abyss:1)
113 creatures vanquished.

Grand Total: 373 creatures vanquished

Notes
Turn   | Place    | Note
-------+----------+-------------------------------------------
     0 | Abyss:1  | Gargoyl the Gnoll Abyssal Knight began the quest for the
                  | Orb.
     0 | Abyss:1  | Reached XP level 1. HP: 23/23 MP: 3/3
    17 | Abyss:1  | Found a corrupted altar of Lugonu.
    81 | Abyss:1  | Noticed a tentacled starspawn
    97 | Abyss:1  | Killed a tentacled starspawn
    98 | Abyss:1  | Reached skill level 5 in Axes
    98 | Abyss:1  | Reached skill level 5 in Armour
    98 | Abyss:1  | Reached skill level 5 in Invocations
    98 | Abyss:1  | Reached XP level 2. HP: 31/31 MP: 3/5
    98 | Abyss:1  | Reached XP level 3. HP: 36/36 MP: 4/7
    98 | Abyss:1  | Reached XP level 4. HP: 43/43 MP: 4/8
    98 | Abyss:1  | Reached XP level 5. HP: 48/48 MP: 4/9
    98 | Abyss:1  | Reached XP level 6. HP: 55/55 MP: 4/10
    98 | Abyss:1  | Reached XP level 7. HP: 60/60 MP: 4/11
   180 | Abyss:1  | Noticed a fire bat
   184 | Abyss:1  | Noticed a worldbinder
   224 | Abyss:1  | Noticed a worldbinder
   226 | Abyss:1  | Noticed a golden eye
   226 | Abyss:1  | Noticed a smoke demon
   227 | D:1      | Escaped the Abyss
   525 | D:1      | Reached * piety under Lugonu
  1207 | D:2      | Noticed Sigmund
  1221 | D:2      | Killed Sigmund
  1222 | D:2      | Reached XP level 8. HP: 36/67 MP: 12/12
  1526 | D:2      | Reached ** piety under Lugonu
  1607 | D:2      | Found a shimmering altar of Xom.
  1742 | D:2      | Noticed Natasha
  1749 | D:2      | Killed Natasha
  2054 | D:2      | Found Fobakha's Armour Boutique.
  2057 | D:2      | Noticed Natasha
  2067 | D:2      | Killed Natasha
  2104 | D:2      | Bought a +0 kite shield for 49 gold pieces
  2248 | D:3      | Found a faded altar of an unknown god.
  3123 | D:4      | Paralysed by a kobold for 5 turns
  3250 | D:4      | Noticed Robin
  3271 | D:4      | Killed Robin
  3699 | D:5      | Entered Level 5 of the Dungeon
  3744 | D:5      | Reached *** piety under Lugonu
  4153 | D:5      | Found Ysosch's Distillery.
  4173 | D:5      | Bought a potion of heal wounds for 70 gold pieces
  4209 | D:5      | Found a transporter.
  4209 | D:5      | Identified the +8 dire flail of Plunder {spect, rF+ Will+
                  | Str+5}
  4209 | D:5      | Noticed feta's ghost (novice HOFi)
  4215 | D:5      | Found a transporter.
  4612 | D:5      | Found a burning altar of Makhleb.
  4944 | D:6      | Noticed a wyvern
  4953 | D:6      | Killed a wyvern
  5144 | D:6      | Reached XP level 9. HP: 68/73 MP: 14/14
  5461 | D:6      | Found a staircase to the Ecumenical Temple.
  5720 | D:7      | Reached skill level 5 in Dodging
  5727 | D:7      | Gained mutation: You are partially covered in iridescent
                  | scales. (AC +2) [potion of mutation]
  5727 | D:7      | Gained mutation: You are resistant to electric shocks.
                  | (rElec) [potion of mutation]
  5727 | D:7      | Gained mutation: You are clumsy. (Dex -2) [potion of
                  | mutation]
  6064 | D:7      | Noticed a hornet
  6090 | D:6      | a hornet changed into a wyvern
  6105 | D:6      | Reached **** piety under Lugonu
  7746 | D:8      | Reached XP level 10. HP: 70/80 MP: 14/17
  8072 | D:8      | Reached skill level 5 in Short Blades
  8072 | D:8      | Reached skill level 5 in Long Blades
  8072 | D:8      | Reached skill level 5 in Maces & Flails
  8072 | D:8      | Reached skill level 5 in Polearms
  8072 | D:8      | Reached skill level 5 in Staves
  8072 | D:8      | Reached skill level 5 in Slings
  8072 | D:8      | Reached skill level 5 in Bows
  8072 | D:8      | Reached skill level 5 in Crossbows
  8072 | D:8      | Reached skill level 5 in Throwing
  8072 | D:8      | Reached skill level 5 in Stealth
  8072 | D:8      | Reached skill level 5 in Shields
  8072 | D:8      | Reached skill level 5 in Unarmed Combat
  8072 | D:8      | Reached skill level 5 in Spellcasting
  8072 | D:8      | Reached skill level 5 in Evocations
 10007 | D:9      | Found a staircase to the Lair.
 10329 | D:8      | HP: 4/82 [troll (5)]
 10946 | D:9      | Noticed a cyclops
 10949 | D:9      | Noticed a manticore
 10949 | D:9      | a cyclops changed into a manticore
 11085 | D:9      | Killed a manticore
 11086 | D:9      | Reached XP level 11. HP: 87/87 MP: 19/19
 12146 | Lair:1   | Entered Level 1 of the Lair of Beasts
 12527 | Lair:1   | Reached skill level 5 in Conjurations
 12527 | Lair:1   | Reached skill level 5 in Hexes
 12527 | Lair:1   | Reached skill level 5 in Summonings
 12527 | Lair:1   | Reached skill level 5 in Necromancy
 12527 | Lair:1   | Reached skill level 5 in Translocations
 12527 | Lair:1   | Reached skill level 5 in Transmutations
 12527 | Lair:1   | Reached skill level 5 in Fire Magic
 12527 | Lair:1   | Reached skill level 5 in Ice Magic
 12527 | Lair:1   | Reached skill level 5 in Air Magic
 12527 | Lair:1   | Reached skill level 5 in Earth Magic
 12527 | Lair:1   | Reached skill level 5 in Poison Magic
 15410 | Lair:2   | Noticed a death yak
 15410 | Lair:2   | Noticed a death yak
 15411 | Lair:2   | Noticed a death yak
 15428 | Lair:2   | Noticed a death yak
 15430 | Lair:1   | Banished a death yak
 15472 | Lair:1   | Killed a death yak
 15473 | Lair:1   | Reached XP level 12. HP: 47/96 MP: 11/22
 15661 | Lair:2   | Noticed a death yak
 15701 | Lair:1   | Banished a death yak
 16017 | Lair:2   | Killed a death yak
 16044 | Lair:2   | Killed a death yak
 17753 | Lair:3   | Found a staircase to the Swamp.
 17795 | Lair:3   | Noticed a catoblepas
 17834 | Lair:3   | HP: 1/97 [catoblepas (12)]
 17835 | Lair:3   | Mangled by a catoblepas

Illustrated notes

Levels and vault maps discovered:
D:1:      psy_arrival_wood_between_worlds, layout_basic,
          minmay_misc_feat_square, due_unseen_surprise
D:2:      layout_basic, basic_altar, serial_shops, shop, uniq_natasha,
          uniq_sigmund
D:3:      layout_rooms, basic_ecumenical_altar
D:4:      layout_loops_corners, uniq_robin
D:5:      layout_rooms, demons_altar, gup_sewer_entry_spiral, serial_shops,
          shop, gammafunk_ghost_smash
D:6:      layout_basic, minmay_temple_entry_statues, serial_corexii_hall,
          chequers_hall_statues_corner_a, corexii_hall_statues_l,
          solitary_fountain
D:7:      layout_rooms, hangedman_decor_growths, chequers_big_river,
          dk_vineyard_1, nicolae_lava_and_water
D:8:      layout_basic, st_stairs_5, serial_bayou_pond_b
D:9:      layout_layer_cave, david_lair_shrubbed, kennysheep_generic_room_3
Lair:1:   minmay_lair_venomous_thicket, layout_cave_pods,
          nicolae_quartered_pool_super
Lair:2:   layout_small_grid, infiniplex_staircase_pool_2
Lair:3:   layout_roguey, minmay_swamp_entry_eels, guppyfry_snake_entry_garden,
          uniq_nergalle, uniq_gastronok

Skill      XL: |  1  2  3  4  5  6  7  8  9 10 11 12 |
---------------+-------------------------------------+-----
Fighting       | 7 8 9 |  9.8
Short Blades   | 2 3 4 5 6 7 |  7.2
Long Blades    | 2 3 4 5 6 7 |  7.2
Axes           | 5 6 7 8 |  8.7
Maces & Flails | 2 3 4 5 6 7 |  7.2
Polearms       | 2 3 4 5 6 7 |  7.2
Staves         | 2 3 4 5 6 7 |  7.2
Slings         | 2 3 4 5 6 7 |  7.2
Bows           | 2 3 4 5 6 7 |  7.2
Crossbows      | 2 3 4 5 6 7 |  7.2
Throwing       | 2 3 4 5 6 7 |  7.2
Armour         | 5 6 7 8 |  8.7
Dodging        | 3 4 5 6 7 |  7.8
Stealth        | 2 3 4 5 6 7 |  7.2
Shields        | 2 3 4 5 6 7 |  7.2
Unarmed Combat | 2 3 4 5 6 7 |  7.2
Spellcasting   | 2 3 4 5 6 7 |  7.2
Conjurations   | 2 3 4 5 6 |  6.0
Hexes          | 2 3 4 5 6 |  6.0
Summonings     | 2 3 4 5 6 |  6.0
Necromancy     | 2 3 4 5 6 |  6.0
Translocations | 2 3 4 5 6 |  6.0
Transmutations | 2 3 4 5 6 |  6.0
Fire Magic     | 2 3 4 5 6 |  6.0
Ice Magic      | 2 3 4 5 6 |  6.0
Air Magic      | 2 3 4 5 6 |  6.0
Earth Magic    | 2 3 4 5 6 |  6.0
Poison Magic   | 2 3 4 5 6 |  6.0
Invocations    | 5 6 7 8 9 |  9.2
Evocations     | 2 3 4 5 6 7 |  7.2

Action                   |  1- 3 |  4- 6 |  7- 9 | 10-12 || total
-------------------------+-------+-------+-------+-------++-------
Melee: Hand axe          |       |       |   595 |   776 ||  1371
       Bite              |       |       |    51 |    71 ||   122
       Punch             |       |       |     3 |       ||     3
Invok: Depart the Abyss  |       |       |     1 |       ||     1
       Banish            |       |       |       |    17 ||    17
       Bend Space        |       |       |       |     1 ||     1
Evoke: Wand              |       |       |     7 |    27 ||    34
  Use: Scroll            |     1 |       |    21 |     6 ||    28
       Potion            |       |       |     5 |     9 ||    14
 Stab: Sleeping          |       |       |     7 |       ||     7
       Paralysed         |       |       |       |    27 ||    27
Armor: Leather armour    |       |       |    46 |       ||    46
       Plate armour      |       |       |   419 |   609 ||  1028
       Chain mail        |       |       |    45 |       ||    45
       Ring mail         |       |       |     4 |       ||     4
Dodge: Dodged            |       |       |   182 |   204 ||   386
Block: Kite shield       |       |       |   243 |   383 ||   626

Table legend: (Time is in decaauts)
 A = Elapsed time spent in this place.
 B = Non-inter-level travel time spent in this place.
 C = Inter-level travel time spent in this place.
 D = Time resting spent in this place.
 E = Time spent auto-exploring this place.
 F = Levels seen in this place.
 G = Mean time per level.
                   A        B        C        D        E       F      G
               +--------+--------+--------+--------+--------+-----+--------+
         Total |  18075 |  17630 |    445 |   4559 |   9838 |  13 | 1390.4 |
       Dungeon |  12403 |  12004 |    399 |   2337 |   7348 |   9 | 1378.1 |
          Lair |   5445 |   5399 |     46 |   2222 |   2327 |   3 | 1815.0 |
         Abyss |    227 |    227 |      0 |      0 |    162 |   1 |  227.0 |
               +--------+--------+--------+--------+--------+-----+--------+

Top non-repeatable levels by time:
  Lair:1: 2510 daAuts
     D:8: 2466 daAuts
     D:9: 2301 daAuts
  Lair:2: 2137 daAuts
     D:6: 1544 daAuts
     D:7: 1521 daAuts
     D:4: 1180 daAuts
     D:5: 1073 daAuts
     D:2: 978 daAuts
     D:1: 938 daAuts
  Lair:3: 797 daAuts
     D:3: 397 daAuts
 Abyss:1: 227 daAuts
